 Dungeon Crawl Stone Soup version 0.22-a0-224-g8cf3520 (webtiles) character file.

8486 Azzok the Covert (level 11, -7/81 HPs)
             Began as a Gnoll Enchanter on Feb 19, 2018.
             Was a Believer of Ashenzari.
             Mangled by Sonja
             ... wielding a +2 short sword of distortion
              (15 damage)
             ... on level 10 of the Dungeon.
             The game lasted 00:25:18 (9993 turns).

Azzok the Covert (Gnoll Enchanter)                  Turns: 9993, Time: 00:25:19

Health: -7/81      AC:  3    Str: 15    XL:     11   Next: 31%
Magic:  10/23      EV: 17    Int: 21    God:    Ashenzari [**....]
Gold:   490        SH:  6    Dex: 15    Spells: 17/26 levels left

rFire    + . .     SeeInvis .   b - +2 dagger (venom)
rCold    . . .     Gourm    .   h - +0 buckler
rNeg     . . .     Faith    .   f - +0 robe
rPois    .         Spirit   .   (no helmet)
rElec    .         Reflect  .   (no cloak)
rCorr    .         Harm     .   s - +0 pair of gloves
MR       .....                  (no boots)
Stlth    ++++......             G - amulet of regeneration
HPRegen  0.63/turn              q - ring of protection from fire
MPRegen  0.18/turn              E - +4 ring of strength

@: lethally poisoned (-7 -> -8), about to teleport
A: distributed training, fangs 1, strong nose
a: Curse Item, Scrying, Renounce Religion


You were on level 10 of the Dungeon.
You worshipped Ashenzari.
Ashenzari was pleased with you.
You were not hungry.

You visited 1 branch of the dungeon, and saw 10 of its levels.

You collected 490 gold pieces.

Inventory:

Hand Weapons
 a - a +1 dagger of holy wrath
 b - a +2 dagger of venom (weapon)
 C - a +2 falchion of electrocution
Armour
 f - a +0 robe (worn)
 h - a +0 buckler (worn)
 s - a +0 pair of gloves (worn)
Jewellery
 q - a ring of protection from fire (left hand)
 E - a +4 ring of strength (right hand)
 G - an amulet of regeneration (around neck)
 H - an uncursed ring of magical power
 J - an uncursed ring of protection from magic
 K - an uncursed ring of protection from magic
 N - an uncursed ring of protection from magic
 P - a +5 amulet of reflection
Wands
 l - a wand of acid (5)
 r - a wand of clouds (8)
 z - a wand of iceblast (9)
Scrolls
 d - 7 scrolls of identify {unknown}
 g - 2 scrolls of fear {unknown}
 j - a scroll of noise {unknown}
 k - 2 scrolls of enchant weapon {unknown}
 n - 2 scrolls of remove curse
 t - 2 scrolls of enchant armour {unknown}
 u - 2 scrolls of teleportation {unknown}
 v - 3 scrolls of blinking {unknown}
 w - 5 scrolls of amnesia {unknown}
 x - a scroll of immolation {unknown}
 y - 5 scrolls of magic mapping {unknown}
 D - a scroll of fog {unknown}
 I - a scroll of vulnerability {unknown}
 O - a scroll of acquirement {unknown}
Potions
 e - 5 potions of curing {unknown}
 i - 4 potions of heal wounds {unknown}
 m - 2 potions of lignification {unknown}
 o - 3 potions of flight {unknown}
 p - a potion of degeneration {unknown}
 A - a potion of ambrosia {unknown}
 B - a potion of brilliance {unknown}
 F - a potion of haste {unknown}
 M - a potion of cancellation {unknown}
Comestibles
 c - 16 rations


   Skills:
 + Level 6.1 Fighting
 + Level 6.6 Short Blades
 + Level 6.1 Long Blades
 + Level 6.1 Axes
 + Level 6.1 Maces & Flails
 + Level 6.1 Polearms
 + Level 6.1 Staves
 + Level 6.1 Slings
 + Level 6.1 Bows
 + Level 6.1 Crossbows
 + Level 6.1 Throwing
 + Level 6.1 Armour
 + Level 7.7 Dodging
 + Level 8.6 Stealth
 + Level 6.1 Shields
 + Level 6.1 Unarmed Combat
 + Level 8.0 Spellcasting
 + Level 5.0 Conjurations
 + Level 7.5 Hexes
 + Level 5.0 Charms
 + Level 5.0 Summonings
 + Level 5.0 Necromancy
 + Level 5.0 Translocations
 + Level 5.0 Transmutations
 + Level 5.0 Fire Magic
 + Level 5.0 Ice Magic
 + Level 5.0 Air Magic
 + Level 5.0 Earth Magic
 + Level 5.0 Poison Magic
 + Level 6.6 Invocations
 + Level 6.1 Evocations


You had 17 spell levels left.
You knew the following spells:

 Your Spells              Type           Power        Failure   Level  Hunger
a - Corona                Hex            #####..      1%          1    None
b - Ensorcelled Hibernat  Hex/Ice        ####..       1%          2    None
c - Confuse               Hex            #####...     1%          3    None
d - Dazzling Spray        Conj/Hex       ####..       1%          3    None


Dungeon Overview and Level Annotations

Branches:
Dungeon (10/15)            Temple (0/1) D:5             Orc (0/2) D:10
   Lair: D:8-11

Altars:
Ashenzari
Dithmenos
Fedhas
Sif Muna
Wu Jian

Shops:
D:8 =

Annotations:
D:10 Sonja


Innate Abilities, Weirdness & Mutations

Your experience applies equally to all skills.
You have very sharp teeth.
Your uncanny sense of smell can sniff out nearby items.


Message History

You feel sick.
You feel sick.
Sonja unwields an uncursed blowgun.
Sonja wields an uncursed short sword of distortion.
Its appearance distorts for a moment.
Sonja hits you with an uncursed short sword of distortion.
Space bends around you.
Sonja hits you with an uncursed short sword of distortion.
You feel strangely unstable. You block Sonja's attack.
You strike the helpless Sonja from behind!
You impale Sonja!!
Sonja is poisoned.
Sonja is almost dead.
Sonja hits you with an uncursed short sword of distortion.
Space warps horribly around you!
Sonja hits you with an uncursed short sword of distortion.
Space warps horribly around you!
* * * LOW HITPOINT WARNING * * *
Sonja hits you with an uncursed short sword of distortion.
* * * LOW HITPOINT WARNING * * *
Space warps horribly around you!
You die...

··············▒ ◦◦ ░
········<·····▒······
······|······▒▒······░
·············▒◦······ ░
▒▒▒▒▒▒▒······▒ ···· ░◦▒
······▒······▒▒▒'▒▒▒▒▒·▒
░
······'···÷·(·<·········
······▒·····(·†··K······◦
······▒·······(·@···>·▒
·····▒▒·▒▒▒▒▒▒▒·······▒
·····▒··▒◦ ▒▒'▒▒▒▒·▒ ░
·····▒··▒◦ ◦ ····◦ ◦░
·····▒··▒◦◦◦ ◦ ····· ◦ ░
·····▒·>▒◦ ◦ ······▒ ◦
▒····▒··▒◦◦ ······▒
▒▒▒▒╬▒··▒◦ ·······▒◦ ◦
)·÷·····▒▒▒▒▒▒▒▒▒ ◦ ◦


You could see Sonja (confused).

Vanquished Creatures
  An unseen horror (D:10)
  Pikel (D:4)
  Joseph (D:10)
  Prince Ribbit (D:5)
  4 yaks (D:10)
  A human (D:9)
  A hungry ghost (D:7)
  Grum (D:10)
  A water moccasin (D:9)
  Duvessa (D:6)
  An ice beast (D:7)
  A slave (D:4)
  3 orc warriors (D:10)
  5 sky beasts
  A black bear (D:6)
  An eye of draining (D:9)
  2 phantoms
  4 wolves (D:10)
  2 centaurs
  A big kobold (D:9)
  12 bullfrogs
  Dowan (D:6)
  A wyvern zombie (D:8)
  4 scorpions
  12 killer bees
  3 howler monkeys
  A crimson imp (D:9)
  3 centaur zombies
  2 orc priests (D:10)
  A gnoll shaman (D:6)
  5 hounds
  3 jellies
  13 orc wizards
  Jessica (D:10)
  6 centaur skeletons
  11 iguanas
  10 worker ants
  A worker ant zombie (D:8)
  2 howler monkey zombies
  4 gnolls (D:6)
  A howler monkey skeleton (D:8)
  5 adders
  4 shadow imps
  An ooze (D:3)
  An adder zombie (D:6)
  An adder skeleton (D:6)
  2 worms
  4 dart slugs
  4 leopard geckos
  50 orcs
  8 bats
  4 giant cockroaches
  3 goblins
  5 hobgoblins
  6 jackals
  5 quokkas
  A ball python (D:3)
  7 frilled lizards
  11 kobolds
  A leopard gecko skeleton (D:8)
  13 rats
267 creatures vanquished.

Vanquished Creatures (others)
  A hound skeleton (D:5)
  2 orcs (D:5)
  A giant cockroach (D:5)
4 creatures vanquished.

Grand Total: 271 creatures vanquished

Notes
Turn   | Place    | Note
-------+----------+-------------------------------------------
     0 | D:1      | Azzok the Gnoll Enchanter began the quest for the Orb.
     0 | D:1      | Reached XP level 1. HP: 13/13 MP: 6/6
   337 | D:1      | Reached XP level 2. HP: 9/19 MP: 4/7
   710 | D:1      | Learned a level 2 spell: Ensorcelled Hibernation
   993 | D:1      | Reached XP level 3. HP: 16/25 MP: 9/9
  1014 | D:1      | Reached skill level 5 in Spellcasting
  1391 | D:1      | Learned a level 3 spell: Confuse
  1518 | D:2      | Found a shadowy altar of Dithmenos.
  1520 | D:2      | Found an ornate altar of the Wu Jian Council.
  1520 | D:2      | Found a shattered altar of Ashenzari.
  1537 | D:2      | Became a worshipper of Ashenzari the Shackled
  1986 | D:2      | Reached skill level 1 in Invocations
  2181 | D:3      | Reached skill level 1 in Fighting
  2181 | D:3      | Reached skill level 1 in Long Blades
  2181 | D:3      | Reached skill level 1 in Axes
  2181 | D:3      | Reached skill level 1 in Maces & Flails
  2181 | D:3      | Reached skill level 1 in Polearms
  2181 | D:3      | Reached skill level 1 in Staves
  2181 | D:3      | Reached skill level 1 in Slings
  2181 | D:3      | Reached skill level 1 in Bows
  2181 | D:3      | Reached skill level 1 in Crossbows
  2181 | D:3      | Reached skill level 1 in Throwing
  2181 | D:3      | Reached skill level 1 in Armour
  2181 | D:3      | Reached skill level 1 in Shields
  2181 | D:3      | Reached skill level 1 in Unarmed Combat
  2181 | D:3      | Reached skill level 1 in Evocations
  2181 | D:3      | Reached XP level 4. HP: 32/32 MP: 3/11
  2483 | D:3      | Reached skill level 1 in Conjurations
  2483 | D:3      | Reached skill level 1 in Charms
  2483 | D:3      | Reached skill level 1 in Summonings
  2483 | D:3      | Reached skill level 1 in Necromancy
  2483 | D:3      | Reached skill level 1 in Translocations
  2483 | D:3      | Reached skill level 1 in Transmutations
  2483 | D:3      | Reached skill level 1 in Fire Magic
  2483 | D:3      | Reached skill level 1 in Ice Magic
  2483 | D:3      | Reached skill level 1 in Air Magic
  2483 | D:3      | Reached skill level 1 in Earth Magic
  2483 | D:3      | Reached skill level 1 in Poison Magic
  2575 | D:3      | Learned a level 3 spell: Dazzling Spray
  2816 | D:3      | Reached XP level 5. HP: 37/37 MP: 12/12
  3191 | D:4      | Found a shattered altar of Ashenzari.
  3307 | D:4      | Reached XP level 6. HP: 29/44 MP: 7/13
  3440 | D:4      | Reached skill level 5 in Dodging
  3726 | D:5      | Entered Level 5 of the Dungeon
  3910 | D:5      | Reached XP level 7. HP: 32/50 MP: 15/15
  4028 | D:5      | Reached * piety under Ashenzari
  4107 | D:5      | Noticed Pikel
  4221 | D:4      | Killed Pikel
  4221 | D:4      | Reached XP level 8. HP: 57/58 MP: 11/16
  4362 | D:5      | Noticed Prince Ribbit
  4367 | D:5      | Killed Prince Ribbit
  4566 | D:5      | Found a staircase to the Ecumenical Temple.
  5525 | D:6      | Noticed Duvessa
  5528 | D:6      | Killed Duvessa
  5528 | D:6      | Reached XP level 9. HP: 65/65 MP: 18/18
  5529 | D:6      | Noticed Dowan
  5533 | D:6      | Killed Dowan
  5962 | D:7      | Reached skill level 5 in Short Blades
  6401 | D:7      | Reached skill level 5 in Invocations
  6422 | D:7      | Got the cursed dagger of a treasure trove {venom, Str+2}
  6474 | D:7      | Found a blossoming altar of Fedhas.
  6805 | D:8      | Found Figejen's Jewellery Shoppe.
  6935 | D:8      | Reached XP level 10. HP: 65/73 MP: 0/20
  7257 | D:8      | Found the +8 mithril axe "Arga" {speed, MR+}
  7716 | D:9      | Reached skill level 5 in Fighting
  7716 | D:9      | Reached skill level 5 in Long Blades
  7716 | D:9      | Reached skill level 5 in Axes
  7716 | D:9      | Reached skill level 5 in Maces & Flails
  7716 | D:9      | Reached skill level 5 in Polearms
  7716 | D:9      | Reached skill level 5 in Staves
  7716 | D:9      | Reached skill level 5 in Slings
  7716 | D:9      | Reached skill level 5 in Bows
  7716 | D:9      | Reached skill level 5 in Crossbows
  7716 | D:9      | Reached skill level 5 in Throwing
  7716 | D:9      | Reached skill level 5 in Armour
  7716 | D:9      | Reached skill level 5 in Shields
  7716 | D:9      | Reached skill level 5 in Unarmed Combat
  7716 | D:9      | Reached skill level 5 in Evocations
  8592 | D:10     | Entered Level 10 of the Dungeon
  8598 | D:10     | Reached ** piety under Ashenzari
  8608 | D:10     | Noticed Joseph
  8620 | D:10     | Killed Joseph
  8987 | D:10     | Found a staircase to the Orcish Mines.
  9135 | D:10     | Noticed an unseen horror
  9138 | D:10     | Killed an unseen horror
  9138 | D:10     | Reached XP level 11. HP: 81/81 MP: 18/22
  9388 | D:10     | Noticed Grum
  9505 | D:10     | Killed Grum
  9505 | D:10     | Reached skill level 5 in Conjurations
  9505 | D:10     | Reached skill level 5 in Charms
  9505 | D:10     | Reached skill level 5 in Summonings
  9505 | D:10     | Reached skill level 5 in Necromancy
  9505 | D:10     | Reached skill level 5 in Translocations
  9505 | D:10     | Reached skill level 5 in Transmutations
  9505 | D:10     | Reached skill level 5 in Fire Magic
  9505 | D:10     | Reached skill level 5 in Ice Magic
  9505 | D:10     | Reached skill level 5 in Air Magic
  9505 | D:10     | Reached skill level 5 in Earth Magic
  9505 | D:10     | Reached skill level 5 in Poison Magic
  9729 | D:10     | Noticed Jessica
  9736 | D:10     | Killed Jessica
  9737 | D:10     | Found a deep blue altar of Sif Muna.
  9852 | D:10     | Noticed Sonja
  9993 | D:10     | Mangled by Sonja

Vault maps used:
D:1:      sevenhm_arrival_forest_fort_large_4, st_stairs_1,
          hangedman_decor_opposing, minmay_heptomino_d4
D:2:      lemuel_upstairs_altar, lemuel_crystal_altar,
          chequers_temple_overflow_statue_of_worship,
          hangedman_decor_diamond_cutter
D:3:      first_ration
D:4:      cheibrodos_ashenzari_chains
D:5:      minmay_temple_entry_hall, hangedman_decor_growths,
          grunt_decor_mini_mirrors, uniq_pikel, uniq_prince_ribbit1
D:6:      uniq_duvessa
D:7:      fedhas_altar_fruit_tree
D:8:      serial_shops, kennysheep_mini
D:9:      grunt_pizzeria
D:10:     hiddenorc2_lemuel, enter_bailey_7, tgw_sif, uniq_grum, uniq_joseph,
          uniq_sonja

Skill      XL: |  1  2  3  4  5  6  7  8  9 10 11 |
---------------+----------------------------------+-----
Spellcasting   | 5 6 7 8 |  8.0
Stealth        | 6 7 8 |  8.6
Invocations    | 1 2 3 4 5 6 |  6.6
Fighting       | 1 2 3 4 5 6 |  6.1
Long Blades    | 1 2 3 4 5 6 |  6.1
Axes           | 1 2 3 4 5 6 |  6.1
Maces & Flails | 1 2 3 4 5 6 |  6.1
Polearms       | 1 2 3 4 5 6 |  6.1
Staves         | 1 2 3 4 5 6 |  6.1
Slings         | 1 2 3 4 5 6 |  6.1
Bows           | 1 2 3 4 5 6 |  6.1
Crossbows      | 1 2 3 4 5 6 |  6.1
Throwing       | 1 2 3 4 5 6 |  6.1
Armour         | 1 2 3 4 5 6 |  6.1
Shields        | 1 2 3 4 5 6 |  6.1
Unarmed Combat | 1 2 3 4 5 6 |  6.1
Evocations     | 1 2 3 4 5 6 |  6.1
Conjurations   | 1 2 3 4 5 |  5.0
Charms         | 1 2 3 4 5 |  5.0
Summonings     | 1 2 3 4 5 |  5.0
Necromancy     | 1 2 3 4 5 |  5.0
Translocations | 1 2 3 4 5 |  5.0
Transmutations | 1 2 3 4 5 |  5.0
Fire Magic     | 1 2 3 4 5 |  5.0
Ice Magic      | 1 2 3 4 5 |  5.0
Air Magic      | 1 2 3 4 5 |  5.0
Earth Magic    | 1 2 3 4 5 |  5.0
Poison Magic   | 1 2 3 4 5 |  5.0
Short Blades   | 3 4 5 6 |  6.6
Dodging        | 5 6 7 |  7.7
Hexes          | 6 7 |  7.5

Action                   |  1- 3 |  4- 6 |  7- 9 | 10-12 || total
-------------------------+-------+-------+-------+-------++-------
Melee: Dagger            |   101 |    85 |   160 |   223 ||   569
       Bite              |     8 |    10 |    19 |    19 ||    56
       Punch             |       |     2 |       |       ||     2
 Cast: Corona            |     9 |       |       |     2 ||    11
       Ensorcelled Hiber |     5 |    13 |    50 |    92 ||   160
       Confuse           |     1 |     3 |    12 |    25 ||    41
  Use: Scroll            |     1 |       |       |       ||     1
 Stab: Sleeping          |    13 |    20 |    50 |    68 ||   151
       Distracted        |     1 |     1 |     2 |     4 ||     8
       Confused          |       |     1 |     7 |    16 ||    24
  Eat: Chunk             |     4 |     5 |    27 |     4 ||    40
       Ration            |       |       |     1 |       ||     1
Armor: Robe              |     9 |     2 |    14 |    15 ||    40
Dodge: Dodged            |    60 |    35 |    75 |   152 ||   322
Block: Buckler           |       |       |    15 |    52 ||    67

Table legend:
 A = Spawn XP
 B = Non-spawn XP
 C = Spawn XP percentage of total XP
 D = Spawn monster count
 E = Non-spawn monster count
 F = Spawn count percentage of total count
 G = Total turns spent on level
                    A         B        C        D         E        F      G
               +---------+---------+-------+---------+---------+-------+---------
         Total |       0 |   12123 |   0.0 |       0 |     266 |   0.0 |  9993
               +---------+---------+-------+---------+---------+-------+---------
           D:1 |       0 |      44 |   0.0 |       0 |      25 |   0.0 |  1399
           D:2 |       0 |      18 |   0.0 |       0 |      13 |   0.0 |   767
           D:3 |       0 |     118 |   0.0 |       0 |      25 |   0.0 |   943
           D:4 |       0 |    1048 |   0.0 |       0 |      19 |   0.0 |   761
           D:5 |       0 |     638 |   0.0 |       0 |      16 |   0.0 |  1444
           D:6 |       0 |    1061 |   0.0 |       0 |      22 |   0.0 |   586
           D:7 |       0 |    1254 |   0.0 |       0 |      23 |   0.0 |   848
           D:8 |       0 |    1322 |   0.0 |       0 |      28 |   0.0 |   965
           D:9 |       0 |    1300 |   0.0 |       0 |      29 |   0.0 |  1159
          D:10 |       0 |    5320 |   0.0 |       0 |      66 |   0.0 |  1121
               +---------+---------+-------+---------+---------+-------+---------
